 Dungeon Crawl Stone Soup version 0.21-a0-426-g98080a9 (webtiles) character file.

21 namelastname112 the Conjurer (level 2, 0/20 HPs)
             Began as a Draconian Conjurer on Nov 8, 2017.
             Slain by an adder (2 damage)
             ... on level 2 of the Dungeon.
             The game lasted 00:02:18 (743 turns).

namelastname112 the Conjurer (Draconian Conjurer)    Turns: 743, Time: 00:02:19

Health: 0/20       AC:  4    Str: 10    XL:     2   Next: 65%
Magic:  0/5        EV: 12    Int: 15    God:
Gold:   55         SH:  0    Dex: 11    Spells: 3/6 levels left

rFire    + . .     SeeInvis .   e - -3 whip (curse)
rCold    + . .     Gourm    .   (no shield)
rNeg     . . .     Faith    .   (armour unavailable)
rPois    +         Spirit   .   (helmet restricted)
rElec    +         Reflect  .   (no cloak)
rCorr    +         Harm     +   (no gloves)
MR       .....                  (no boots)
Stlth    ++........             h - amulet of harm
HPRegen  0.06/turn              (no ring)
MPRegen  0.09/turn              (no ring)

@: resistant
A: unfitting armour, cold-blooded, AC +4
a: no special abilities


You were on level 2 of the Dungeon.
You were not hungry.

You visited 1 branch of the dungeon, and saw 2 of its levels.

You collected 55 gold pieces.

Inventory:

Hand Weapons
 e - a cursed -3 whip (weapon)
 k - a +2 short sword of holy wrath
Jewellery
 h - an amulet of harm (around neck)
Scrolls
 c - a scroll of remove curse {unknown}
Potions
 i - a potion of flight
Books
 a - a book of Conjurations

   Spells                             Type                      Level
   a - Magic Dart                     Conjuration                  1
   b - Searing Ray                    Conjuration                  2
   c - Dazzling Spray                 Conjuration/Hexes            3
   d - Fulminant Prism                Conjuration/Hexes            4
   e - Force Lance                    Conjuration/Translocation    4
   f - Iskenderun's Mystic Blast      Conjuration                  4
Comestibles
 b - a bread ration
 f - a royal jelly


   Skills:
 - Level 1.7 Dodging
 - Level 1.7 Stealth
 + Level 2.6 Spellcasting
 + Level 4.4 Conjurations


You had 3 spell levels left.
You knew the following spells:

 Your Spells              Type           Power        Failure   Level  Hunger
x - Searing Ray           Conj           ###...       4%          2    ###....
z - Magic Dart            Conj           ###.         3%          1    #......


Dungeon Overview and Level Annotations

Branches:
Dungeon (2/15)

Altars:


Innate Abilities, Weirdness & Mutations

Your plain brown scales are hard. (AC +4)
You cannot fit into any form of body armour.
You are cold-blooded and may be slowed by cold attacks.


Message History

The adder misses you. The adder misses you.
You feel sick.
You take 1 damage, and have 3/20 hp.
You aren't carrying any items that you can evoke.
Casting: Searing Ray
Confirm with . or Enter, or press ? or * to list all spells.
Aiming: Magic Dart
Press: ? - help, Shift-Dir - straight line, f/p - adder
Aim: an adder (severely wounded)
The magic dart hits the adder.
The adder is almost dead.
The adder closely misses you.
You now have 0/5 mp.
The adder barely misses you.
You feel sick.
You are no longer poisoned.
You take 1 damage, and have 2/20 hp.
The adder bites you.
You die...

#.............#.###.#....,*,*,*,,
#.####........#.# *.#.###,*,*,*,,
#.####....#.#.####*.#,.,,,*,,,,,,
....##....#.#....#*.#**#*****,**,
#.#.###.....####.#*,***,,,,,*,**,
#+#.###.......##.#*,,,,,**,,*,**,
.....##.##....##.####*,,,,,,*,,,,
....)...##....+....$#*,*,*,,,,***
.....#####....##@#*,*,,,,,,,*,*
..............gS.#*,**,*,*,,,,*
.....####.###[......#*,,,,,,,,*
....†####.....##.####**,*,,,,,*
#.........###.##.# *,*,,,,,*
.........['##.##.# *,*,***,***
...#......###.#### *,*,* *,,,,
...####.........*******,*,***,,,,
...# #####.#>#.,,,,,,*,,,*,,,,,,


You could see an adder and a goblin.

Vanquished Creatures
  A giant cockroach (D:2)
  A goblin (D:2)
  4 hobgoblins (D:1)
  7 bats
  3 frilled lizards (D:1)
  3 kobolds
  2 rats (D:1)
21 creatures vanquished.

Notes
Turn   | Place    | Note
-------+----------+-------------------------------------------
     0 | D:1      | namelastname112 the Draconian Conjurer began the quest for the Orb.
     0 | D:1      | Reached XP level 1. HP: 14/14 MP: 3/3
   197 | D:1      | Reached XP level 2. HP: 19/20 MP: 1/5
   317 | D:1      | Learned a level 2 spell: Searing Ray
   743 | D:2      | Slain by an adder

Vault maps used:
D:1:      minmay_arrival_stair_chambers
D:2:      grunt_temple_overflow_open, serial_glass, glass_columns_a,
          glass_columns_b, uniq_sigmund

Action                   || total
-------------------------++-------
Melee: Unarmed           ||    25
       Whip              ||    20
       Tailslap          ||     5
 Cast: Magic Dart        ||    34
       Searing Ray       ||     1
  Use: Scroll            ||     3
       Potion            ||     1
Armor: Skin              ||    30
Dodge: Dodged            ||    54

Table legend:
 A = Spawn XP
 B = Non-spawn XP
 C = Spawn XP percentage of total XP
 D = Spawn monster count
 E = Non-spawn monster count
 F = Spawn count percentage of total count
 G = Total turns spent on level
                    A         B        C        D         E        F      G
               +---------+---------+-------+---------+---------+-------+---------
         Total |       0 |      31 |   0.0 |       0 |      21 |   0.0 |   743
               +---------+---------+-------+---------+---------+-------+---------
           D:1 |       0 |      23 |   0.0 |       0 |      16 |   0.0 |   625
           D:2 |       0 |       8 |   0.0 |       0 |       5 |   0.0 |   118
               +---------+---------+-------+---------+---------+-------+---------
